 Dungeon Crawl Stone Soup version 0.23.0 (webtiles) character file.

Game seed: 1090909960761612231

619 Lavandula the Quickloader (level 7, -5/56 HPs)
             Began as a Gnoll Hunter on Feb 13, 2019.
             Killed from afar by Pikel (11 damage)
             ... with a wand of flame (13)
             ... on level 5 of the Dungeon.
             The game lasted 00:11:04 (3358 turns).

Lavandula the Quickloader (Gnoll Hunter)            Turns: 3358, Time: 00:11:05

Health: -5/56      AC:  7    Str: 16    XL:     7   Next: 46%
Magic:  10/10      EV: 13    Int: 14    God:
Gold:   149        SH:  0    Dex: 15    Spells: 10/10 levels left

rFire    . . .     SeeInvis .   g - +1 whip (flame)
rCold    . . .     Gourm    .   (no shield)
rNeg     . . .     Faith    .   j - +0 ring mail
rPois    .         Spirit   .   m - +0 helmet
rElec    .         Reflect  .   s - scarf {cloud immunity}
rCorr    .         Harm     .   (no gloves)
MR       .....     Rnd*Tele +   v - +0 pair of boots
Stlth    ++........             (no amulet)
HPRegen  0.18/turn              k - ring of teleportation (curse)
MPRegen  0.12/turn              (no ring)

@: no status effects
A: distributed training, fangs 1, strong nose
a: no special abilities


You were on level 5 of the Dungeon.
You were not hungry.

You visited 2 branches of the dungeon, and saw 6 of its levels.

You collected 149 gold pieces.

Inventory:

Hand Weapons
 a - a +1 hand crossbow
 b - a +0 short sword
 g - a +1 whip of flaming (weapon)
Missiles
 o - 6 javelins (quivered)
Armour
 c - a +0 leather armour
 j - a +0 ring mail (worn)
 m - a +0 helmet (worn)
 s - a scarf of cloud immunity (worn)
 v - a +0 pair of boots (worn)
Jewellery
 k - a cursed ring of teleportation (left hand)
Scrolls
 d - 2 scrolls of random uselessness {unknown}
 e - 2 scrolls of remove curse {unknown}
 h - 3 scrolls of fog {unknown}
 i - a scroll of enchant armour {unknown}
 l - 4 scrolls of teleportation {unknown}
 n - 2 scrolls of identify {unknown}
 p - a scroll of amnesia {unknown}
Potions
 q - a potion of ambrosia {unknown}
 t - a potion of heal wounds {unknown}
 u - 2 potions of mutation {unknown}
 w - a potion of degeneration {unknown}
 x - a potion of magic {unknown}
Comestibles
 f - 4 rations


   Skills:
 + Level 5.2 Fighting
 + Level 2.4 Short Blades
 + Level 2.4 Long Blades
 + Level 2.4 Axes
 + Level 2.4 Maces & Flails
 + Level 2.4 Polearms
 + Level 2.4 Staves
 + Level 2.4 Slings
 + Level 2.4 Bows
 + Level 8.9 Crossbows
 + Level 2.4 Throwing
 + Level 2.4 Armour
 + Level 5.2 Dodging
 + Level 3.4 Stealth
 + Level 2.4 Shields
 + Level 2.4 Unarmed Combat
 + Level 2.4 Spellcasting
 + Level 2.0 Conjurations
 + Level 2.0 Hexes
 + Level 2.0 Charms
 + Level 2.0 Summonings
 + Level 2.0 Necromancy
 + Level 2.0 Translocations
 + Level 2.0 Transmutations
 + Level 2.0 Fire Magic
 + Level 2.0 Ice Magic
 + Level 2.0 Air Magic
 + Level 2.0 Earth Magic
 + Level 2.0 Poison Magic
 + Level 2.7 Invocations
 + Level 2.4 Evocations


You had 10 spell levels left.
You didn't know any spells.
Your spell library was empty.

Dungeon Overview and Level Annotations

Branches:
Dungeon (5/15)             Temple (1/1) D:4

Altars:
Ashenzari
Cheibriados
Dithmenos
Elyvilon
Fedhas
Gozag
Kikubaaqudgha
Makhleb
Nemelex Xobeh
Uskayaw
Vehumet
Wu Jian
Zin
The Shining One

Annotations:
D:5 Pikel


Innate Abilities, Weirdness & Mutations

Your experience applies equally to all skills.
You have very sharp teeth.
Your uncanny sense of smell can sniff out nearby items.


Message History

You hit Pikel but do no damage. You bite Pikel, but do no damage.
Pikel is severely wounded.
Pikel hits you with a +1 whip of flaming!
* * * LOW HITPOINT WARNING * * *
Pikel burns you.
* * * LOW HITPOINT WARNING * * *
Unknown command.
Press: ? - help, v - describe, . - travel, g - get item
Here: Pikel, wielding a +1 whip of flaming, wearing a +0 robe and carrying a wand of flame (15) (severely wounded)
A +0 animal skin.
There is something else lying underneath.
The floor, spattered with blood.
You see here a scroll labeled YHODUX UTOXKO.
Unknown command.
Unknown command.
Pikel zaps a wand.
The puff of flame misses you.
Pikel zaps a wand.
The puff of flame hits you.
* * * LOW HITPOINT WARNING * * *
Pikel zaps a wand.
The puff of flame hits you!
You die...

<.....# #.# #####.# #.# #
#.# #.# # #.# #.# # #.#
####.####
#####.#######.......#
............#.......#####
#####.#####.#...........##
#.# #.#...@...###.#> #.#
#.#.......# #
#####.#####.#.......#
<...........#.......#
......########K######
####### #.pp# # #.#.# #
#[### ∆ # .p.∆


You could see Pikel and 2 slaves.

Vanquished Creatures
  Menkaure (D:5)
  2 slaves (D:5)
  2 scorpions (D:4)
  A vampire bat (D:3)
  A hound (D:4)
  An orc priest (D:3)
  3 worker ants
  4 gnolls (D:3)
  7 adders
  3 worms
  4 dart slugs
  3 leopard geckos
  6 orcs
  6 bats
  3 bat skeletons (D:3)
  3 bat zombies (D:3)
  2 giant cockroaches
  10 hobgoblins
  8 jackals
  8 kobolds
  3 quokkas
  8 frilled lizards
  10 goblins
  8 rats
107 creatures vanquished.

Notes
Turn   | Place    | Note
-------+----------+-------------------------------------------
     0 | D:1      | Lavandula the Gnoll Hunter began the quest for the Orb.
     0 | D:1      | Reached XP level 1. HP: 20/20 MP: 1/1
   123 | D:1      | Reached XP level 2. HP: 26/26 MP: 2/2
   352 | D:1      | Reached XP level 3. HP: 29/31 MP: 3/3
   834 | D:2      | Reached skill level 1 in Invocations
   928 | D:2      | You fall through a shaft!
  1099 | D:2      | Reached skill level 1 in Short Blades
  1099 | D:2      | Reached skill level 1 in Long Blades
  1099 | D:2      | Reached skill level 1 in Axes
  1099 | D:2      | Reached skill level 1 in Maces & Flails
  1099 | D:2      | Reached skill level 1 in Polearms
  1099 | D:2      | Reached skill level 1 in Staves
  1099 | D:2      | Reached skill level 1 in Slings
  1099 | D:2      | Reached skill level 1 in Bows
  1099 | D:2      | Reached skill level 1 in Throwing
  1099 | D:2      | Reached skill level 1 in Armour
  1099 | D:2      | Reached skill level 1 in Shields
  1099 | D:2      | Reached skill level 1 in Unarmed Combat
  1099 | D:2      | Reached skill level 1 in Spellcasting
  1099 | D:2      | Reached skill level 1 in Evocations
  1099 | D:2      | Reached XP level 4. HP: 33/38 MP: 5/5
  1543 | D:3      | Reached skill level 1 in Conjurations
  1543 | D:3      | Reached skill level 1 in Hexes
  1543 | D:3      | Reached skill level 1 in Charms
  1543 | D:3      | Reached skill level 1 in Summonings
  1543 | D:3      | Reached skill level 1 in Necromancy
  1543 | D:3      | Reached skill level 1 in Translocations
  1543 | D:3      | Reached skill level 1 in Transmutations
  1543 | D:3      | Reached skill level 1 in Fire Magic
  1543 | D:3      | Reached skill level 1 in Ice Magic
  1543 | D:3      | Reached skill level 1 in Air Magic
  1543 | D:3      | Reached skill level 1 in Earth Magic
  1543 | D:3      | Reached skill level 1 in Poison Magic
  1545 | D:3      | Reached XP level 5. HP: 43/43 MP: 6/6
  2051 | D:3      | Found an ancient bone altar of Kikubaaqudgha.
  2079 | D:3      | Reached XP level 6. HP: 47/50 MP: 8/8
  2397 | D:4      | Reached skill level 5 in Fighting
  2397 | D:4      | Reached skill level 5 in Dodging
  2402 | D:4      | Found a staircase to the Ecumenical Temple.
  2456 | D:4      | Found a radiant altar of Vehumet.
  2666 | Temple   | Entered the Ecumenical Temple
  2886 | D:4      | Reached XP level 7. HP: 56/56 MP: 10/10
  3178 | D:5      | Entered Level 5 of the Dungeon
  3251 | D:5      | Noticed Menkaure
  3255 | D:5      | Killed Menkaure
  3298 | D:5      | Found a blossoming altar of Fedhas.
  3326 | D:5      | Found an opulent altar of Gozag.
  3331 | D:5      | Noticed Pikel
  3358 | D:5      | Killed from afar by Pikel

Skill      XL: |  1  2  3  4  5  6  7 |
---------------+----------------------+-----
Invocations    | 1 2 |  2.7
Short Blades   | 1 2 |  2.4
Long Blades    | 1 2 |  2.4
Axes           | 1 2 |  2.4
Maces & Flails | 1 2 |  2.4
Polearms       | 1 2 |  2.4
Staves         | 1 2 |  2.4
Slings         | 1 2 |  2.4
Bows           | 1 2 |  2.4
Throwing       | 1 2 |  2.4
Armour         | 1 2 |  2.4
Shields        | 1 2 |  2.4
Unarmed Combat | 1 2 |  2.4
Spellcasting   | 1 2 |  2.4
Evocations     | 1 2 |  2.4
Conjurations   | 1 2 |  2.0
Hexes          | 1 2 |  2.0
Charms         | 1 2 |  2.0
Summonings     | 1 2 |  2.0
Necromancy     | 1 2 |  2.0
Translocations | 1 2 |  2.0
Transmutations | 1 2 |  2.0
Fire Magic     | 1 2 |  2.0
Ice Magic      | 1 2 |  2.0
Air Magic      | 1 2 |  2.0
Earth Magic    | 1 2 |  2.0
Poison Magic   | 1 2 |  2.0
Stealth        | 3 |  3.4
Fighting       | 5 |  5.2
Dodging        | 5 |  5.2
Crossbows      | |  8.9

Action                   |  1- 3 |  4- 6 |  7- 9 || total
-------------------------+-------+-------+-------++-------
Melee: Whip              |     2 |   158 |     7 ||   167
       Bite              |       |    17 |     3 ||    20
       Punch             |       |     1 |       ||     1
 Fire: Hand crossbow     |    62 |    42 |    29 ||   133
Throw: Javelin           |       |     5 |     1 ||     6
 Stab: Sleeping          |       |     7 |     1 ||     8
  Eat: Chunk             |       |     5 |       ||     5
       Ration            |       |       |     1 ||     1
Armor: Ring mail         |     1 |    56 |     4 ||    61
       Leather armour    |     1 |       |       ||     1
Dodge: Dodged            |     6 |   137 |     8 ||   151
